[Event "Titled Tuesday Blitz May 4 2021"]
[White "Shuvalov, Evgenij"]
[Black "Elissalt Cardenas, Hector"]
[WhiteFideId "4187237"]
[BlackFideId "3500632"]
[WhiteElo "2163"]
[BlackElo "2207"]
[Result "1-0"]
[Round "02"]
[TimeControl "180+1"]
[Date "2021.05.04"]
[WhiteClock "0:00:08"]
[BlackClock "0:00:06"]

1. Nf3 d5 2. c4 e6 3. g3 Nf6 4. Bg2 Be7 5. b3 d4 6. O-O c5 7. e3 Nc6 8. exd4 cxd4 9. Re1 O-O 10. d3 a5 11. Na3 Bb4 12. Re2 Qd6 13. Nb5 Qd8 14. Bf4 Nh5 15. Bc7 Qd7 16. a3 Bc5 17. Ne5 Qe8 18. Nd6 Qe7 19. Nb5 Na7 20. b4 Nxb5 21. cxb5 axb4 22. axb4 Rxa1 23. Qxa1 Qxc7 24. bxc5 Qxc5 25. Nf3 Bd7 26. Re5 Qc3 27. Qxc3 dxc3 28. Rxh5 c2 29. Rc5 Rc8 30. Rxc2 Rxc2 31. Ne5 Bxb5 32. Bxb7 Re2 33. d4 Re1+ 34. Kg2 Rd1 35. Nf3 Be2 36. Ne5 Bb5 37. d5 exd5 38. Kf3 f6 39. Ng4 Re1 40. Bxd5+ Kf8 41. Ne3 Be2+ 42. Kg2 Ke7 43. h4 g6 44. Be4 f5 45. Bc2 Rc1 46. Bb3 Kf6 47. Bd5 h6 48. Bf3 Bxf3+ 49. Kxf3 g5 50. hxg5+ hxg5 51. Kg2 Rc3 52. Nd5+ Ke5 53. Nxc3 f4 54. g4 1-0


[Site "https://www.chess.com"]

[Event "Titled Tuesday Blitz May 4 2021"]
[White "Shyaamnikhil P"]
[Black "Kilpatrick, Callum"]
[WhiteFideId "5024218"]
[BlackFideId "414425"]
[WhiteElo "2300"]
[BlackElo "2486"]
[Result "1-0"]
[Round "02"]
[TimeControl "180+1"]
[Date "2021.05.04"]
[WhiteClock "0:00:21"]
[BlackClock "0:00:01"]

1. e3 Nf6 2. g4 d5 3. g5 Nfd7 4. Bg2 e6 5. h4 Bd6 6. b3 O-O 7. Bb2 c5 8. f4 Nc6 9. Nf3 e5 10. fxe5 Ncxe5 11. O-O Qe7 12. Nc3 Nb6 13. Nb5 Bb8 14. Nxe5 Bxe5 15. Bxe5 Qxe5 16. Qf3 d4 17. Qf4 Qxf4 18. Rxf4 dxe3 19. dxe3 a6 20. Nc7 Rb8 21. Raf1 Be6 22. Nxe6 fxe6 23. Rxf8+ Rxf8 24. Rxf8+ Kxf8 25. Bxb7 a5 26. Kf2 Ke7 27. Kf3 Kd6 28. Kf4 Nd7 29. Be4 h6 30. gxh6 gxh6 31. Bf3 Ne5 32. Be4 Nd7 33. a3 Nf6 34. Bf3 Nd7 35. Be4 Nf6 36. Bg2 Nh5+ 37. Kg4 Nf6+ 38. Kf4 Nh5+ 39. Kf3 Ke5 40. c3 Nf6 41. b4 cxb4 42. cxb4 axb4 43. axb4 Kd5 44. Bf1 Kd6 45. Bc4 e5 46. e4 Kc6 47. Bd3 Kb6 48. Be2 Kc6 49. Ke3 Kb6 50. Bd3 Kc6 51. Kd2 Kb6 52. Kc3 Kc6 53. Kc4 Nd7 54. b5+ Kd6 55. Kb4 Nb6 56. Bc2 Nd7 57. Bb3 Nb6 58. Bg8 Nd7 59. Bd5 Nb6 60. Bc6 Nc8 61. Ka5 Kc5 62. Bd7 Nb6 63. Be6 Na8 64. Bg8 Nb6 65. Bf7 Nd7 66. Bd5 Nb6 67. Ka6 Na4 68. Bc6 Nb6 69. Kb7 Nc4 70. Kc7 Nb6 71. Bd7 Nc4 72. Be8 Nd6 73. Bc6 Nc4 74. Kd7 Nd6 75. Ke6 1-0


[Site "https://www.chess.com"]

[Event "Titled Tuesday Blitz May 4 2021"]
[White "Skatchkov, Pavel"]
[Black "Vivas Zamora, Fabian Ernesto"]
[WhiteFideId "4121848"]
[BlackFideId "3902480"]
[WhiteElo "2476"]
[BlackElo "1966"]
[Result "0-1"]
[Round "02"]
[TimeControl "180+1"]
[Date "2021.05.04"]
[WhiteClock "0:00:31"]
[BlackClock "0:00:06"]

1. d4 Nf6 2. c4 g6 3. Nc3 d5 4. Bg5 Bg7 5. Nf3 Ne4 6. Bf4 Nxc3 7. bxc3 c5 8. cxd5 Qxd5 9. e3 cxd4 10. cxd4 Nc6 11. Be2 Qa5+ 12. Qd2 Qxd2+ 13. Kxd2 O-O 14. h4 Bg4 15. Rab1 Rfd8 16. Rxb7 e5 17. Bg3 exd4 18. Bc4 dxe3+ 19. Kxe3 Rd7 20. Rxd7 Bxd7 21. Ng5 Re8+ 22. Kf3 Nd4+ 23. Kf4 Be5+ 24. Ke4 Bf5+ 25. Kd5 Bxg3 26. Kxd4 Be5+ 27. Kc5 Re7 28. Rb1 Kg7 29. Rd1 h6 30. Nf3 Bf6 31. Bb3 Bg4 32. Rd3 Rc7+ 33. Kb4 Be7+ 34. Ka5 Bxf3 35. Rxf3 Bxh4 36. g3 Bf6 37. Kb5 h5 38. Bd5 Bd4 39. Ka6 Rd7 40. Bc6 Rd6 41. Kb7 Rf6 42. Rxf6 Kxf6 43. f3 Bf2 44. Bd7 Bxg3 45. Kxa7 Bf2+ 46. Kb7 Kg5 47. Be8 f5 48. Kc6 h4 49. Kd6 h3 50. Bc6 Kf4 51. Be8 h2 52. Bxg6 h1=Q 0-1


[Site "https://www.chess.com"]

[Event "Titled Tuesday Blitz May 4 2021"]
[White "Smietanska, Wiktoria"]
[Black "Kaufman, Raymond"]
[WhiteFideId "21869359"]
[BlackFideId "2015056"]
[WhiteElo "1780"]
[BlackElo "2321"]
[Result "0-1"]
[Round "02"]
[TimeControl "180+1"]
[Date "2021.05.04"]
[WhiteClock "0:00:11"]
[BlackClock "0:00:08"]

1. e4 c6 2. Bc4 d5 3. Bb3 Nf6 4. exd5 cxd5 5. d4 Nc6 6. c3 Bg4 7. Nf3 e6 8. O-O Bd6 9. h3 Bh5 10. Bc2 Ne4 11. Qe2 f5 12. Nbd2 O-O 13. Qe3 Qc7 14. Nxe4 fxe4 15. Nd2 Bh2+ 16. Kh1 Bf4 17. Qe1 Nxd4 18. cxd4 Qxc2 19. Nb3 Bd6 20. Be3 Qxb2 21. Qa5 b6 22. Qb5 Be2 23. Qc6 Bxf1 24. Qxd6 Bc4 25. Qxe6+ Kh8 26. Rc1 Qxa2 27. Nd2 Rae8 28. Qg4 b5 29. Nxc4 bxc4 30. Qg5 Qa5 31. Kh2 h6 32. Qh5 Re6 33. Rxc4 Qd8 34. Ra4 Qd6+ 35. Kh1 Rb8 36. g3 a6 37. Ra5 Rb1+ 38. Kg2 Rb5 39. Ra1 Rf6 40. Rc1 Kh7 41. Bf4 Qe6 42. Rc7 Rb2 43. Qe5 Qxe5 44. dxe5 Re6 45. Rd7 Rb5 46. Kf1 a5 47. Ke2 Ra6 48. Kd2 a4 49. Rd6 Rxd6 50. exd6 Rb7 51. Kc2 a3 52. d7 Rxd7 53. Kb3 Ra7 54. Ka2 Ra8 0-1


[Site "https://www.chess.com"]

[Event "Titled Tuesday Blitz May 4 2021"]
[White "Smith, Shreyas"]
[Black "Spyropoulos, Nikolaos"]
[WhiteFideId "7400713"]
[BlackFideId "4298977"]
[WhiteElo "2129"]
[BlackElo "2159"]
[Result "0-1"]
[Round "02"]
[TimeControl "180+1"]
[Date "2021.05.04"]
[WhiteClock "0:00:58"]
[BlackClock "0:02:03"]

1. d4 Nf6 2. c4 e6 3. Nc3 Bb4 4. e3 O-O 5. Bd2 b6 6. Nf3 Bb7 7. Bd3 d6 8. O-O Nbd7 9. a3 Bxc3 10. Bxc3 Ne4 11. Rc1 f5 12. b4 Rf6 13. Bb2 Rg6 14. Ne1 Rh6 15. f3 Qh4 16. fxe4 Qxh2+ 17. Kf2 fxe4 18. Bc2 Rf8+ 19. Ke2 Rxf1 20. Kxf1 Rf6+ 21. Ke2 Qg3 22. Kd2 Rf2+ 23. Qe2 Rxe2+ 24. Kxe2 Nf6 0-1


[Site "https://www.chess.com"]

[Event "Titled Tuesday Blitz May 4 2021"]
[White "Smith, Tom"]
[Black "Krysa, Leandro"]
[WhiteFideId "421820"]
[BlackFideId "116807"]
[WhiteElo "2332"]
[BlackElo "2490"]
[Result "0-1"]
[Round "02"]
[TimeControl "180+1"]
[Date "2021.05.04"]
[WhiteClock "0:00:01"]
[BlackClock "0:00:09"]

1. d4 Nf6 2. Nc3 d5 3. Bf4 g6 4. e3 Bg7 5. h4 h5 6. Nf3 Bg4 7. Qd2 Bxf3 8. gxf3 O-O 9. Bd3 c5 10. dxc5 Nc6 11. a3 Qa5 12. Nb5 Qxd2+ 13. Kxd2 Nd7 14. Nc7 Rad8 15. b4 Bxa1 16. Rxa1 Kg7 17. Rg1 a6 18. Ke2 Nde5 19. Bh2 Rd7 20. b5 axb5 21. Nxb5 Ra8 22. Rb1 e6 23. Rb3 Ra5 24. Bf4 Nc4 25. e4 N4e5 26. exd5 exd5 27. Bd2 Nxd3 28. cxd3 Rxb5 29. Rxb5 Nd4+ 30. Ke3 Nxb5 31. d4 Na7 32. c6 Nxc6 0-1


[Site "https://www.chess.com"]

[Event "Titled Tuesday Blitz May 4 2021"]
[White "Sokolovsky, Yahli"]
[Black "Kovalev, Vladislav"]
[WhiteFideId "2820242"]
[BlackFideId "13504398"]
[WhiteElo "1770"]
[BlackElo "2573"]
[Result "0-1"]
[Round "02"]
[TimeControl "180+1"]
[Date "2021.05.04"]
[WhiteClock "0:00:01"]
[BlackClock "0:01:04"]

1. b3 Nf6 2. Bb2 g6 3. e4 d6 4. Nf3 Bg7 5. d3 O-O 6. Be2 c5 7. O-O Nc6 8. a4 b6 9. Ne1 Nd4 10. Nd2 Bb7 11. Rb1 e5 12. Nc4 Re8 13. Ne3 d5 14. exd5 Nxd5 15. Bf3 Nxf3+ 16. Nxf3 Nf4 17. Nc4 f6 18. Bc1 Ne6 19. Ne3 Qd7 20. Bb2 Rad8 21. Nd2 Nf4 22. Re1 Qc6 23. f3 h5 24. Ndf1 h4 25. Qd2 h3 26. Ng3 hxg2 27. Nxg2 Qxf3 28. Nh4 Nh3# 0-1


[Site "https://www.chess.com"]

[Event "Titled Tuesday Blitz May 4 2021"]
[White "Song, Michael"]
[Black "Saraci, Nderim"]
[WhiteFideId "2613190"]
[BlackFideId "6351921"]
[WhiteElo "2274"]
[BlackElo "2486"]
[Result "0-1"]
[Round "02"]
[TimeControl "180+1"]
[Date "2021.05.04"]
[WhiteClock "0:00:03"]
[BlackClock "0:00:09"]

1. d4 Nf6 2. c4 e6 3. Nc3 d5 4. cxd5 exd5 5. Bg5 c6 6. e3 Bd6 7. Bd3 Be6 8. Nge2 Nbd7 9. Nf4 O-O 10. Qc2 h6 11. Nxe6 fxe6 12. Bh4 e5 13. dxe5 Nxe5 14. Be2 Qe8 15. Bg3 Qe7 16. Rd1 Rae8 17. O-O Neg4 18. Qg6 Bxg3 19. hxg3 Ne5 20. Qc2 Nfg4 21. Rd4 Qg5 22. Bxg4 Nxg4 23. Qe2 Nf6 24. Rf4 Nh5 25. Rxf8+ Rxf8 26. Rd1 Nf6 27. Rd4 Re8 28. Qf3 Qg6 29. Rd2 Rf8 30. Qe2 Ng4 31. f3 Ne5 32. e4 Qxg3 33. Kh1 Qh4+ 34. Kg1 Qg5 35. Kf2 Ng4+ 36. Ke1 Qh4+ 37. Kd1 Nf6 38. exd5 cxd5 39. Nxd5 Nxd5 40. Qe6+ Kh8 41. Qxd5 b6 42. Kc2 Re8 43. a3 Rc8+ 44. Kb3 a5 45. Rc2 a4+ 46. Ka2 Rxc2 47. Qd8+ Qxd8 0-1


[Site "https://www.chess.com"]

[Event "Titled Tuesday Blitz May 4 2021"]
[White "Spata, German"]
[Black "Kavinda, Akila"]
[WhiteFideId "113026"]
[BlackFideId "9901302"]
[WhiteElo "2238"]
[BlackElo "2043"]
[Result "0-1"]
[Round "02"]
[TimeControl "180+1"]
[Date "2021.05.04"]
[WhiteClock "0:00:04"]
[BlackClock "0:00:12"]

1. d4 Nf6 2. Bf4 e6 3. e3 d5 4. Nf3 Bd6 5. Bg3 O-O 6. Ne5 c5 7. c3 Nc6 8. Bd3 Qc7 9. f4 cxd4 10. exd4 g6 11. Nd2 Nh5 12. O-O f6 13. Nxc6 bxc6 14. Qf3 Rb8 15. b4 Bd7 16. Nb3 e5 17. fxe5 fxe5 18. Qe2 Nxg3 19. hxg3 e4 20. Bc2 Bxg3 21. Nc5 Bh2+ 22. Kh1 Bd6 23. Rxf8+ Rxf8 24. Rf1 Rxf1+ 25. Qxf1 Qd8 26. g3 Bxc5 27. bxc5 Qg5 28. Qf4 Qh5+ 29. Kg1 Qe2 30. Qb8+ Kf7 31. Qxa7 Ke7 32. Ba4 Qe3+ 33. Kf1 Qf3+ 34. Ke1 Qxc3+ 35. Kd1 Qxd4+ 36. Kc1 Qc3+ 37. Kb1 Qe1+ 38. Kb2 Qf2+ 39. Kb1 Qf6 40. Qb8 e3 41. Bd1 Bf5+ 42. Bc2 Bxc2+ 43. Kxc2 Qf5+ 44. Kb3 Qe4 45. Qd6+ Kf7 46. Qd7+ Kf6 47. Qxc6+ Kg5 48. Qd6 e2 49. Qd8+ Kg4 50. Qd7+ Kf3 51. Qd6 e1=Q 0-1


[Site "https://www.chess.com"]

[Event "Titled Tuesday Blitz May 4 2021"]
[White "Spencenzug"]
[Black "Manukyan, Artyom"]
[BlackFideId "13305786"]
[WhiteElo "2323"]
[BlackElo "2034"]
[Result "1/2-1/2"]
[Round "02"]
[TimeControl "180+1"]
[Date "2021.05.04"]
[WhiteClock "0:00:09"]
[BlackClock "0:00:06"]

1. e4 e5 2. Nf3 Nc6 3. d4 exd4 4. Nxd4 Nf6 5. Nxc6 bxc6 6. e5 Qe7 7. Qe2 Nd5 8. h4 a5 9. c4 Ba6 10. Nd2 g6 11. Qe4 Nb4 12. a3 f5 13. Qb1 Qxe5+ 14. Be2 d5 15. axb4 Bxb4 16. Kd1 O-O 17. Nf3 Qd6 18. Bg5 Rfe8 19. Qc2 Rab8 20. Kc1 Re4 21. Rd1 Qc5 22. b3 Qxf2 23. Bd3 Qxc2+ 24. Kxc2 Re6 25. Nd4 Rd6 26. Bf4 dxc4 27. Bxc4+ Bxc4 28. bxc4 Rf6 29. Be5 Rff8 30. Nxc6 Rbe8 31. Rd5 Re6 32. Nxb4 axb4 33. Ra7 Rfe8 34. Bf4 Re2+ 35. Kb3 Rxg2 36. Kxb4 Rg4 37. Bg5 Rc8 38. Rd7 f4 39. Raxc7 Rxc7 40. Rxc7 f3 41. Be3 Re4 42. Bb6 Re6 43. Bd4 Re4 44. Ba7 Rxh4 45. Kb5 Rf4 46. Bf2 Rf5+ 47. c5 g5 48. Kb6 g4 49. c6 Re5 50. Rd7 Re2 51. Bg3 Rb2+ 52. Ka7 Ra2+ 53. Kb8 Rb2+ 54. Kc8 f2 55. Bxf2 Rxf2 56. c7 g3 57. Rd3 g2 58. Rg3+ Kf7 59. Kd7 Rd2+ 60. Kc6 Rc2+ 61. Kd6 Rd2+ 62. Kc6 Rc2+ 63. Kd6 Rd2+ 64. Kc6 1/2-1/2


[Site "https://www.chess.com"]

[Event "Titled Tuesday Blitz May 4 2021"]
[White "Srihari L R"]
[Black "Dimic, Pavle"]
[WhiteFideId "46617116"]
[BlackFideId "937428"]
[WhiteElo "2121"]
[BlackElo "2216"]
[Result "1-0"]
[Round "02"]
[TimeControl "180+1"]
[Date "2021.05.04"]
[WhiteClock "0:00:11"]
[BlackClock "0:00:19"]

1. d4 Nf6 2. Bg5 Ne4 3. Bf4 c5 4. f3 Qa5+ 5. c3 Nf6 6. dxc5 Qxc5 7. e4 d5 8. e5 Nfd7 9. Nd2 e6 10. Nb3 Qc7 11. Bg3 Nc6 12. f4 f6 13. exf6 Nxf6 14. Bd3 Bd6 15. Ne2 Bd7 16. O-O O-O 17. Kh1 Rae8 18. Nbd4 a6 19. Nxc6 Bxc6 20. Nd4 Bd7 21. Qc2 Kh8 22. Rae1 Bc8 23. Qd1 g6 24. Bh4 Bxf4 25. g3 g5 26. gxf4 gxh4 27. Re5 Rg8 28. Qe1 Ng4 29. Rh5 Ref8 30. Rxh7+ Qxh7 31. Bxh7 Kxh7 32. Qxh4+ Nh6 33. Nf3 Rg4 34. Qe7+ Rf7 35. Ng5+ Kg6 36. Nxf7 Nxf7 37. Qe8 1-0


[Site "https://www.chess.com"]

[Event "Titled Tuesday Blitz May 4 2021"]
[White "Srisshhhtea"]
[Black "PattyCastillo"]
[WhiteElo "2376"]
[BlackElo "2013"]
[Result "1-0"]
[Round "02"]
[TimeControl "180+1"]
[Date "2021.05.04"]
[WhiteClock "0:00:23"]
[BlackClock "0:00:01"]

1. e4 c5 2. Nf3 d6 3. d3 g6 4. Be2 Bg7 5. O-O Nf6 6. c3 O-O 7. Nbd2 Nc6 8. Re1 Rb8 9. Bf1 b5 10. d4 cxd4 11. cxd4 Bg4 12. h3 Bd7 13. d5 Ne5 14. Nxe5 dxe5 15. Nb3 Qc7 16. Bd2 Rfc8 17. Rc1 Qd6 18. a3 Rxc1 19. Qxc1 Rc8 20. Qd1 Qc7 21. Bb4 Bf8 22. Bd3 a6 23. Qd2 Nh5 24. Qe3 Nf4 25. Bf1 Qc2 26. Nc5 Be8 27. Bc3 e6 28. Nxa6 exd5 29. Bxe5 Ne6 30. exd5 Nc5 31. Nb4 Qf5 32. Bc3 Bg7 33. g4 Qd7 34. Bxg7 Kxg7 35. Qd4+ f6 36. Rc1 Nb3 37. Rxc8 Nxd4 38. Rc3 Bf7 39. Rd3 Bxd5 40. Rxd4 Qe6 41. Rxd5 Qe4 42. Rxb5 Qf3 43. Nd3 f5 44. gxf5 gxf5 45. Ne5 Qe4 46. Nc4 Qe1 47. Ne3 Qb1 48. Nxf5+ 1-0


[Site "https://www.chess.com"]

[Event "Titled Tuesday Blitz May 4 2021"]
[White "Steil-Antoni, Fiona"]
[Black "Jaskolka, Tomasz"]
[WhiteFideId "4001249"]
[BlackFideId "1170791"]
[WhiteElo "2059"]
[BlackElo "2050"]
[Result "0-1"]
[Round "02"]
[TimeControl "180+1"]
[Date "2021.05.04"]
[WhiteClock "0:00:01"]
[BlackClock "0:00:13"]

1. e4 e6 2. Nf3 d5 3. e5 c5 4. b4 c4 5. d4 Bxb4+ 6. c3 Be7 7. Be2 Nc6 8. h4 Bd7 9. a4 f6 10. h5 fxe5 11. dxe5 Qc7 12. Bf4 Nh6 13. Na3 a6 14. Nc2 Nf7 15. h6 g5 16. Bg3 O-O-O 17. Ncd4 Ncxe5 18. Qd2 Nxf3+ 19. Bxf3 Bd6 20. O-O Ne5 21. Rab1 Nxf3+ 22. Nxf3 Bxg3 23. fxg3 Qxg3 24. Qe2 Rhf8 25. Ne5 Rxf1+ 26. Rxf1 Qxc3 27. Rf7 Qd4+ 28. Kh1 Bxa4 0-1


[Site "https://www.chess.com"]

[Event "Titled Tuesday Blitz May 4 2021"]
[White "Suasnabar, Jesus"]
[Black "Titichoca Daza, Daniel"]
[WhiteFideId "3800776"]
[BlackFideId "3309550"]
[WhiteElo "2002"]
[BlackElo "1910"]
[Result "0-1"]
[Round "02"]
[TimeControl "180+1"]
[Date "2021.05.04"]
[WhiteClock "0:00:01"]
[BlackClock "0:01:00"]

1. d4 Nf6 2. Nf3 c5 3. dxc5 Qa5+ 4. Nc3 Qxc5 5. e4 d6 6. Be3 Qc7 7. Be2 a6 8. a4 e6 9. O-O Be7 10. Qd2 O-O 11. Nd4 Nc6 12. Nxc6 Qxc6 13. Bf3 e5 14. Bg5 Be6 15. Bxf6 Bxf6 16. Nd5 Bxd5 17. exd5 Qc7 18. Be4 g6 19. b3 Bg7 20. Rac1 a5 21. c4 f5 22. Bf3 Qc5 23. Be2 e4 24. g3 f4 25. gxf4 Bh6 26. Rce1 Bxf4 27. Qc3 Rae8 28. Bg4 Re5 29. Be6+ Kg7 30. Rxe4 Kh6 31. Rxe5 Bxe5 32. Qe3+ Qxe3 33. fxe3 Bxh2+ 34. Kg2 Rxf1 35. Kxf1 Be5 36. Kg2 Kg5 37. Kf3 h5 38. Ke4 b6 39. Kf3 Kh4 0-1


[Site "https://www.chess.com"]

[Event "Titled Tuesday Blitz May 4 2021"]
[White "Sumaneev, Dmitry"]
[Black "Alice, Mateus Felizardo Viageiro"]
[WhiteFideId "4125312"]
[BlackFideId "14800047"]
[WhiteElo "2507"]
[BlackElo "2189"]
[Result "1-0"]
[Round "02"]
[TimeControl "180+1"]
[Date "2021.05.04"]
[WhiteClock "0:02:03"]
[BlackClock "0:02:32"]

1. e4 c5 2. c3 Nf6 3. e5 Nd5 4. d4 cxd4 5. cxd4 e6 6. Nf3 d6 7. a3 Nc6 8. Bd3 Be7 9. O-O O-O 10. Re1 b6 11. Qc2 Bb7 12. Bxh7+ Kh8 13. Be4 dxe5 14. dxe5 Rc8 15. Qe2 Kg8 16. Bd2 Na5 17. Nc3 Nb3 18. Rad1 Na1 19. Rxa1 Nxc3 20. Bxc3 Bxe4 21. Qxe4 Qd5 22. Qxd5 exd5 23. Rad1 1-0


[Site "https://www.chess.com"]

[Event "Titled Tuesday Blitz May 4 2021"]
[White "Suvorov, Alexander"]
[Black "Komiagina, Maria"]
[WhiteFideId "12977063"]
[BlackFideId "4153987"]
[WhiteElo "2221"]
[BlackElo "2014"]
[Result "1-0"]
[Round "02"]
[TimeControl "180+1"]
[Date "2021.05.04"]
[WhiteClock "0:00:37"]
[BlackClock "0:00:08"]

1. d4 Nf6 2. c4 e6 3. Nc3 Bb4 4. e3 O-O 5. Bd2 b6 6. Nf3 Bb7 7. Bd3 d6 8. O-O Nbd7 9. b3 e5 10. Ne1 Bxc3 11. Bxc3 e4 12. Be2 Re8 13. d5 Ne5 14. Nc2 Bc8 15. h3 Nfd7 16. b4 a5 17. a3 Ba6 18. Qd4 Qh4 19. f4 f6 20. fxe5 Nxe5 21. Rf4 Qg5 22. b5 Bc8 23. Kh1 f5 24. Raf1 Bd7 25. Qd2 Ng6 26. R4f2 Nh4 27. Nd4 g6 28. Ne6 Bxe6 29. dxe6 Rxe6 30. c5 Kf8 31. Bc4 Re7 32. Qd4 Qh6 33. Qh8# 1-0


[Site "https://www.chess.com"]

[Event "Titled Tuesday Blitz May 4 2021"]
[White "Suvorov, Luca"]
[Black "Gedgafov, Chamal"]
[WhiteFideId "12977071"]
[BlackFideId "34130621"]
[WhiteElo "2127"]
[BlackElo "2005"]
[Result "1-0"]
[Round "02"]
[TimeControl "180+1"]
[Date "2021.05.04"]
[WhiteClock "0:00:15"]
[BlackClock "0:00:49"]

1. d4 e6 2. c4 Nf6 3. Nc3 Bb4 4. e3 O-O 5. Ne2 b6 6. a3 Be7 7. Ng3 Bb7 8. e4 d6 9. Be2 e5 10. d5 g6 11. O-O Nbd7 12. b4 a5 13. Be3 axb4 14. axb4 Rxa1 15. Qxa1 Re8 16. Qa7 Qb8 17. Ra1 Bf8 18. Nb5 c6 19. Nc3 Qxa7 20. Rxa7 Rb8 21. Na4 h5 22. h4 Ng4 23. Bxg4 hxg4 24. Rxb7 Rxb7 25. dxc6 Rc7 26. cxd7 Rxd7 27. Bxb6 d5 28. exd5 Bxb4 29. Ne4 Kg7 30. Bc5 Ba5 31. Bb6 Bb4 32. Nac5 Re7 33. d6 Re8 34. d7 Ra8 35. d8=Q Rxd8 36. Bxd8 f5 37. Ne6+ Kf7 38. N4g5+ Kg8 39. c5 g3 40. fxg3 e4 41. c6 e3 42. c7 Bc5 43. Kf1 1-0


[Site "https://www.chess.com"]

[Event "Titled Tuesday Blitz May 4 2021"]
[White "Svidler, Peter"]
[Black "Piesik, Piotr"]
[WhiteFideId "4102142"]
[BlackFideId "1136194"]
[WhiteElo "2754"]
[BlackElo "2369"]
[Result "0-1"]
[Round "02"]
[TimeControl "180+1"]
[Date "2021.05.04"]
[WhiteClock "0:00:07"]
[BlackClock "0:00:02"]

1. e4 g6 2. d4 Bg7 3. Nc3 c6 4. h3 d6 5. Nf3 Nf6 6. a4 O-O 7. Be3 Nbd7 8. a5 e5 9. dxe5 dxe5 10. Bc4 Qe7 11. O-O Nc5 12. Nd2 Rd8 13. Qb1 Nh5 14. Qa2 Ne6 15. Rad1 Nd4 16. Na4 Be6 17. c3 Bxc4 18. Qxc4 Ne6 19. Nf3 Nhf4 20. h4 Qc7 21. b4 Rd7 22. g3 Nh5 23. Nb2 Rxd1 24. Rxd1 b5 25. axb6 axb6 26. b5 cxb5 27. Qxc7 Nxc7 28. Bxb6 Ne6 29. Rd5 Nf6 30. Rxe5 Nd7 31. Rxb5 Bxc3 32. Nc4 Ra4 33. Nd6 Ra6 34. Nc8 Ra8 35. Ne7+ Kf8 36. Nd5 Nxb6 37. Rxb6 Ba5 38. Rb5 Bd8 39. Ne5 Ra4 40. f3 Ra7 41. Kg2 Kg7 42. Nc6 Rd7 43. f4 Bf6 44. e5 Bd8 45. Kf3 f6 46. Nxd8 Rxd8 47. Rb7+ Kh6 48. Nxf6 Rd3+ 49. Ke4 Nc5# 0-1


[Site "https://www.chess.com"]

[Event "Titled Tuesday Blitz May 4 2021"]
[White "TigrVShlyape"]
[Black "Sergey85Rodchenkov"]
[WhiteElo "2823"]
[BlackElo "2538"]
[Result "1-0"]
[Round "02"]
[TimeControl "180+1"]
[Date "2021.05.04"]
[WhiteClock "0:01:00"]
[BlackClock "0:00:41"]

1. e4 c5 2. Nf3 d6 3. d4 cxd4 4. Nxd4 Nf6 5. Nc3 a6 6. a4 e5 7. Nf3 Be7 8. Bc4 Be6 9. Qe2 Qc8 10. Bb3 O-O 11. O-O Nbd7 12. Rd1 Nc5 13. Ba2 Bxa2 14. Rxa2 Ne6 15. Bg5 Nxg5 16. Nxg5 Qc6 17. Nf3 Rac8 18. Ne1 g6 19. Raa1 Qc4 20. Kf1 Qb4 21. Nd3 Qc4 22. a5 Rfe8 23. Ra4 Qc6 24. Nb4 Qc4 25. Nbd5 Qxe2+ 26. Kxe2 Nxd5 27. Rxd5 Rc6 28. Rb4 Bd8 29. Rxb7 Bc7 30. Kd3 Rb8 31. Rxb8+ Bxb8 32. Na2 1-0


[Site "https://www.chess.com"]

[Event "Titled Tuesday Blitz May 4 2021"]
[White "Tikhonov, Viacheslav"]
[Black "Fier, Alexandr"]
[WhiteFideId "44196407"]
[BlackFideId "2107139"]
[WhiteElo "1773"]
[BlackElo "2569"]
[Result "0-1"]
[Round "02"]
[TimeControl "180+1"]
[Date "2021.05.04"]
[WhiteClock "0:00:18"]
[BlackClock "0:01:26"]

1. Nf3 Nf6 2. b3 g6 3. Bb2 Bg7 4. g3 O-O 5. Bg2 c5 6. e3 d5 7. O-O Nc6 8. d4 Ne4 9. Nfd2 cxd4 10. Nxe4 dxe4 11. exd4 Nxd4 12. Nc3 f5 13. Rb1 e5 14. Ne2 Nf3+ 15. Bxf3 exf3 16. Nc3 e4 17. Nd5 Bxb2 18. Rxb2 Be6 19. c4 Bxd5 20. cxd5 Qg5 21. d6 Qg4 22. Kh1 Qh3 23. Rg1 Rad8 24. Qd5+ Kg7 25. Rc2 Rf7 26. Qe5+ Kh6 27. Qe6 Rfd7 28. g4 Rxd6 29. g5+ Kh5 30. Rc7 Qg2+ 31. Rxg2 Rd1+ 32. Rg1 Rxg1+ 33. Kxg1 Rd1# 0-1


[Site "https://www.chess.com"]

[Event "Titled Tuesday Blitz May 4 2021"]
[White "Timmermans, Mark"]
[Black "Ibrayev, Nurlan"]
[WhiteFideId "1026399"]
[BlackFideId "13700650"]
[WhiteElo "2460"]
[BlackElo "2366"]
[Result "1/2-1/2"]
[Round "02"]
[TimeControl "180+1"]
[Date "2021.05.04"]
[WhiteClock "0:01:03"]
[BlackClock "0:00:18"]

1. b4 c6 2. Bb2 Qb6 3. a3 a5 4. c4 d6 5. d4 axb4 6. c5 dxc5 7. dxc5 Qc7 8. axb4 Rxa1 9. Bxa1 Na6 10. Bc3 Nf6 11. Nf3 Nd5 12. Qb3 Nxc3 13. Nxc3 e5 14. e4 Be6 15. Bc4 Bxc4 16. Qxc4 Be7 17. O-O O-O 18. Nd1 Rd8 19. Ne3 g6 20. Rb1 h5 21. h3 Kg7 22. Rc1 Bf6 23. b5 Nb8 24. bxc6 bxc6 25. Qc3 Nd7 26. Rd1 Rb8 27. g4 hxg4 28. hxg4 Kg8 29. g5 Bg7 30. Ng4 Rb5 31. Qd3 Nxc5 32. Qd8+ Qxd8 33. Rxd8+ Kh7 34. Nf6+ Bxf6 35. gxf6 Nxe4 36. Rf8 Rb7 37. Nxe5 Nxf6 38. Nxc6 Kg7 39. Rc8 Rb1+ 40. Kg2 Rb2 41. Kf3 Nd5 42. Ne5 Rb3+ 43. Ke4 Nf6+ 44. Kf4 Rb4+ 45. Kf3 Rb3+ 46. Kf4 Nh5+ 47. Ke4 Nf6+ 48. Kf4 1/2-1/2


[Site "https://www.chess.com"]

[Event "Titled Tuesday Blitz May 4 2021"]
[White "Tisaj, Domen"]
[Black "Zaichenko, Daria"]
[WhiteFideId "14628708"]
[BlackFideId "4197453"]
[WhiteElo "2243"]
[BlackElo "2039"]
[Result "1-0"]
[Round "02"]
[TimeControl "180+1"]
[Date "2021.05.04"]
[WhiteClock "0:01:39"]
[BlackClock "0:01:41"]

1. d4 d5 2. Bf4 Nf6 3. e3 Bf5 4. c4 e6 5. Nc3 Be7 6. Qb3 b6 7. cxd5 exd5 8. Nb5 Bd6 9. Bxd6 cxd6 10. Rc1 O-O 11. Nc7 Nbd7 12. Nxa8 Qxa8 13. Nf3 Ne4 14. Bb5 Ndf6 15. O-O Bg4 16. Qc2 Bxf3 17. gxf3 Ng5 18. Qf5 h6 19. Rc7 Ne6 20. Re7 a6 21. Bd3 Qd8 22. Ra7 Nc7 23. Rc1 Nfe8 24. Qh7# 1-0


[Site "https://www.chess.com"]

[Event "Titled Tuesday Blitz May 4 2021"]
[White "Tomb, Maroun"]
[Black "Svane, Rasmus"]
[WhiteFideId "5300398"]
[BlackFideId "4657101"]
[WhiteElo "2564"]
[BlackElo "2669"]
[Result "0-1"]
[Round "02"]
[TimeControl "180+1"]
[Date "2021.05.04"]
[WhiteClock "0:00:09"]
[BlackClock "0:01:07"]

1. e4 c6 2. Nc3 d5 3. Nf3 dxe4 4. Nxe4 Nf6 5. Qe2 Nxe4 6. Qxe4 Qa5 7. Bc4 Bf5 8. Qf4 e6 9. c3 Qd8 10. d4 Bd6 11. Qe3 Nd7 12. O-O O-O 13. Ne5 Rc8 14. Re1 c5 15. Nxd7 Qxd7 16. dxc5 Bxc5 17. Qf4 e5 18. Qg3 Bxf2+ 19. Qxf2 Rxc4 20. Rxe5 Be4 21. Be3 Bc6 22. Bd4 f6 23. Re3 Ra4 24. a3 Ra5 25. Rae1 Rg5 26. Rg3 a6 27. Rxg5 fxg5 28. Qg3 h6 29. h4 Rf4 30. Qe3 Rg4 31. Qe6+ Qxe6 32. Rxe6 gxh4 0-1


[Site "https://www.chess.com"]

[Event "Titled Tuesday Blitz May 4 2021"]
[White "Torkkola, Henri"]
[Black "Ashiev, Eduard"]
[WhiteFideId "507660"]
[BlackFideId "4130090"]
[WhiteElo "2137"]
[BlackElo "2106"]
[Result "1-0"]
[Round "02"]
[TimeControl "180+1"]
[Date "2021.05.04"]
[WhiteClock "0:00:09"]
[BlackClock "0:00:03"]

1. d4 d6 2. Bf4 Nf6 3. Nf3 g6 4. h3 Bg7 5. e3 O-O 6. Be2 c5 7. c3 b6 8. O-O Nbd7 9. a4 Bb7 10. Nbd2 a6 11. Bh2 Rc8 12. Bd3 Re8 13. Qe2 Ra8 14. e4 cxd4 15. cxd4 e5 16. dxe5 dxe5 17. Rfd1 Qe7 18. Rac1 Nc5 19. Bb1 Nh5 20. Nc4 Bh6 21. Rc3 Nxa4 22. Rcd3 Nc5 23. Rd6 Rad8 24. Bxe5 f6 25. Bh2 Nf4 26. Bxf4 Bxf4 27. Rxb6 Bc7 28. Ba2 Kg7 29. Rb4 Rxd1+ 30. Qxd1 Bxe4 31. Ne3 Ba5 32. Rc4 Bxf3 33. Qxf3 Rd8 34. b4 Bc7 35. bxc5 Rd1+ 36. Qxd1 Qe5 37. Ng4 Qh2+ 38. Nxh2 1-0


[Site "https://www.chess.com"]